 Dungeon Crawl Stone Soup version 0.29-a0-333-gb4c28e87c6 (webtiles) character file.

Game seed: 17427480552259367473

116 Morbidden the Gusty (level 4, -3/40 HPs)
             Began as a Troll Air Elementalist on Apr 13, 2022.
             Slain by an orc
             ... wielding a +0 war axe
              (7 damage)
             ... on level 3 of the Dungeon.
             The game lasted 00:01:58 (2023 turns).

Morbidden the Gusty (Troll Air Elementalist)        Turns: 2023, Time: 00:01:58

Health: -3/40      AC:  4    Str: 16    XL:     4   Next: 70%
Magic:  2/5        EV: 10    Int: 13    God:
Gold:   83         SH:  0    Dex: 10    Spells: 3/6 levels left

rFire   . . .      SeeInvis .     - Unarmed
rCold   . . .      Faith    .   (no shield)
rNeg    . . .      Spirit   .   a - +0 robe
rPois   .          Reflect  .   (helmet restricted)
rElec   .          Harm     .   (no cloak)
rCorr   .          Rampage  .   (gloves unavailable)
Will    .....                   (boots unavailable)
Stlth   +.........              (no amulet)
HPRegen 0.93/turn               (no ring)
MPRegen 0.09/turn               (no ring)

@: very slightly contaminated
A: large, unfitting armour, claws 3, regeneration 1, shaggy fur 1, tough skin 1
a: no special abilities


You were on level 3 of the Dungeon.
You visited 1 branch of the dungeon, and saw 3 of its levels.

You collected 83 gold pieces.

Inventory:

Armour
 a - a +0 robe (worn)
Jewellery
 c - a ring of ice
Scrolls
 d - 3 scrolls of fear {unknown}
 e - a scroll of identify {unknown}
 g - a scroll of magic mapping {unknown}
 h - a scroll of acquirement {unknown}
 j - a scroll of brand weapon {unknown}
 k - a scroll of teleportation {unknown}
 l - a scroll of enchant weapon {unknown}
 n - a scroll of fog {unknown}
Potions
 b - a potion of magic
 f - a potion of invisibility {unknown}
 i - a potion of might {unknown}
 m - a potion of attraction {unknown}
 o - a potion of haste {unknown}


   Skills:
 * Level 0.9 Fighting
 * Level 2.1 Dodging
 + Level 1.1 Stealth
 * Level 1.2 Unarmed Combat
 * Level 1.6 Spellcasting
 * Level 1.4 Conjurations
 * Level 2.6 Air Magic


You had 3 spell levels left.
You knew the following spells:

 Your Spells              Type           Power      Damage    Failure   Level
a - Shock                 Conj/Air       24%        1d4       12%         1
b - Static Discharge      Conj/Air       6%         N/A       19%         2

Your spell library contained the following spells:

 Spells                   Type           Power      Damage    Failure   Level
 Animate Skeleton         Necr           2%         N/A       26%         1
 Apportation              Tloc           2%         N/A       26%         1
 Pain                     Necr           4%         1d4       26%         1
 Summon Small Mammal      Summ           4%         N/A       26%         1
 Swiftness                Air            7%         N/A       26%         3
 Vampiric Draining        Necr           1%         2d6       63%         3
 Airstrike                Air            3%         N/A       65%         4


Dungeon Overview and Level Annotations

Branches:
Dungeon (3/15)

Altars:


Innate Abilities, Weirdness & Mutations

You are too large for most types of armour.
You have claws for hands.
Your natural rate of healing is unusually fast.
You are covered in fur. (AC +1)
You have tough skin. (AC +1)


Message History

You kill the orc priest!
The orc hits you but does no damage.
Unknown command.
Unknown command.
You scratch the orc priest but do no damage.
The orc priest is lightly wounded.
The orc hits you with a +0 war axe.
The orc priest mumbles some strange prayers to Beogh against you.
Beogh smites you!
Unknown command.
You barely miss the orc priest.
The orc priest is lightly wounded.
The orc priest hits you with a +0 mace. The orc barely misses you.
The endoplasm hits you.
Unknown command.
You closely miss the orc priest.
The orc priest is lightly wounded.
The orc hits you but does no damage. The endoplasm freezes you.
You are frozen.
Unknown command.
You scratch the orc priest.
The orc priest is heavily wounded.
The orc priest hits you with a +0 mace. The orc hits you with a +0 war axe.
* * * LOW HITPOINT WARNING * * *
The endoplasm freezes you.
You are frozen.
* * * LOW HITPOINT WARNING * * *
Unknown command.
You barely miss the orc priest.
The orc priest is heavily wounded.
The orc hits you with a +0 short sword.
* * * LOW HITPOINT WARNING * * *
The orc priest hits you with a +0 mace.
* * * LOW HITPOINT WARNING * * *
The orc barely misses you. The endoplasm closely misses you.
Unknown command.
Unknown command.
Found a stone staircase leading down.
The orc hits you with a +0 war axe!
You die...

## .#... .#.. .
... .. # #.# ...
....#####r.#....
.......@oJ...)..
.>..####.o##...
# #o## #.# #.#
#.# #.# #.# #.#


You could see an orc priest, 2 orcs, an endoplasm and a quokka.

Vanquished Creatures
  An orc priest (D:3)
  2 adders (D:2)
  A worm (D:2)
  5 dart slugs
  An orc (D:3)
  9 ball pythons
  3 bats
  5 endoplasms
  A giant cockroach (D:2)
  7 goblins
  3 hobgoblins
  4 kobolds
  3 quokkas (D:1)
  2 frilled lizards (D:2)
  6 rats
53 creatures vanquished.

Notes
Turn   | Place    | Note
-------+----------+-------------------------------------------
     0 | D:1      | Morbidden the Troll Air Elementalist began the quest for
                  | the Orb.
     0 | D:1      | Reached XP level 1. HP: 16/16 MP: 1/1
   130 | D:1      | Noticed a great orb of eyes
   132 | D:1      | Found a faded altar of an unknown god.
   134 | D:1      | Reached XP level 2. HP: 24/24 MP: 2/2
   137 | D:1      | Noticed a shining eye
   137 | D:1      | Noticed a shining eye
   137 | D:1      | Noticed a shining eye
   496 | D:1      | Reached XP level 3. HP: 32/32 MP: 3/3
   986 | D:2      | Learned a level 2 spell: Static Discharge
  1089 | D:2      | Reached skill level 1 in Conjurations
  1334 | D:2      | Reached skill level 1 in Unarmed Combat
  1600 | D:2      | Reached XP level 4. HP: 40/40 MP: 0/5
  2023 | D:3      | Slain by an orc

Illustrated notes

Levels and vault maps discovered:
D:1:      amcnicky_arrival_single_pillar, layout_loops_ring,
          hellmonk_ecumenical_altar_watching_god, serial_aquarium,
          aquarium_bridge_long_separate [aquarium_subvault_bridge,
          aquarium_subvault_bridge, aquarium_subvault_window,
          aquarium_subvault_bridge, aquarium_subvault_window,
          aquarium_subvault_wall], aquarium_window_fake, aquarium_window_1,
          aquarium_window_fake, aquarium_window_fake, aquarium_view_2e,
          aquarium_view_2a, aquarium_balcony_3a, kennysheep_decorative_pillar
D:2:      minmay_alternating_diamond, layout_rooms, minmay_misc_feat_square,
          minmay_shallow_snake_nest
D:3:      layout_rooms, nicolae_sif_muna_little_library,
          mainiacjoe_overflow_alcove_4

Skill      XL: |  1  2  3  4 |
---------------+-------------+-----
Conjurations   | 1 |  1.4
Unarmed Combat | 1 |  1.2
Dodging        | 2 |  2.1
Fighting       | |  0.9
Stealth        | |  1.1
Spellcasting   | |  1.6
Air Magic      | |  2.6

Action                   |  1- 3 |  4- 6 || total
-------------------------+-------+-------++-------
Melee: Unarmed           |    60 |    17 ||    77
       Punch             |     1 |       ||     1
 Cast: Shock             |    42 |    12 ||    54
 Stab: Sleeping          |     2 |       ||     2
Armor: Robe              |    15 |     4 ||    19
Dodge: Dodged            |    25 |     9 ||    34

Table legend: (Time is in decaauts)
 A = Elapsed time spent in this place.
 B = Non-inter-level travel time spent in this place.
 C = Inter-level travel time spent in this place.
 D = Time resting spent in this place.
 E = Time spent auto-exploring this place.
 F = Levels seen in this place.
 G = Mean time per level.
                   A        B        C        D        E       F      G
               +--------+--------+--------+--------+--------+-----+--------+
         Total |   2021 |   1952 |     69 |      0 |   1668 |   3 |  673.7 |
       Dungeon |   2021 |   1952 |     69 |      0 |   1668 |   3 |  673.7 |
               +--------+--------+--------+--------+--------+-----+--------+

Top non-repeatable levels by time:
     D:2: 1002 daAuts
     D:1: 978 daAuts
     D:3: 40 daAuts
